 Dungeon Crawl Stone Soup version 0.20.1-1-g8b1a95d (webtiles) character file.

82 keltmir the Changer (level 4, 0/35 HPs)
             Began as a Draconian Transmuter on Oct 30, 2017.
             Slain by Sigmund
             ... wielding a +3 scythe of slicing
              (9 damage)
             ... on level 2 of the Dungeon.
             The game lasted 00:07:45 (1954 turns).

keltmir the Changer (Draconian Transmuter)          Turns: 1954, Time: 00:07:45

Health: 0/35       AC:  6    Str: 12    XL:     4   Next: 21%
Magic:  2/7        EV: 12    Int: 15    God:
Gold:   89         SH:  0    Dex: 11    Spells: 3/7 levels left

rFire    . . .     SeeInvis .     - Unarmed
rCold    . . .     Gourm    .   (no shield)
rNeg     . . .     Faith    .   (armour unavailable)
rPois    .         Spirit   .   (helmet restricted)
rElec    .         Reflect  .   (no cloak)
rCorr    .         Harm     .   d - +0 pair of gloves
MR       .....                  (no boots)
Stlth    +.........             (no amulet)
Regen    0.2/turn               (no ring)
MPRegen  0.1/turn               (no ring)

@: appendage (expiring), very slightly contaminated
A: unfitting armour, horns 2, cold-blooded, AC +5
a: End Transformation


You were on level 2 of the Dungeon.
You were not hungry.
You had grown temporary horns.
You visited 1 branch of the dungeon, and saw 3 of its levels.

You collected 89 gold pieces.

Inventory:

Missiles
 a - 32 arrows
Armour
 d - a +0 pair of gloves (worn)
Scrolls
 k - a scroll of fear {unknown}
Potions
 e - 2 potions of flight {unknown}
 f - a potion of curing
 g - a potion of heal wounds {unknown}
 h - a potion of lignification {unknown}
 i - a potion of invisibility {unknown}
 l - a potion of brilliance {unknown}
 n - 2 potions of mutation {unknown}
Books
 b - a book of Changes

   Spells                             Type                      Level
   a - Beastly Appendage              Transmutation                1
   b - Sticks to Snakes               Transmutation                2
   c - Spider Form                    Transmutation/Poison         3
   d - Ice Form                       Ice/Transmutation            4
   e - Blade Hands                    Transmutation                5
Comestibles
 c - a bread ration
 j - a chunk of flesh
 m - 4 fruits


   Skills:
 - Level 1.1 Fighting
 - Level 1.8 Dodging
 - Level 3.4 Unarmed Combat
 - Level 2.1 Spellcasting
 * Level 4.0 Transmutations


You had 3 spell levels left.
You knew the following spells:

 Your Spells              Type           Power        Failure   Level  Hunger
a - Beastly Appendage     Tmut           ##....       4%          1    #......
b - Spider Form           Tmut/Pois      #.........   28%         3    ###....


Dungeon Overview and Level Annotations

Branches:
Dungeon (3/15)

Altars:

Annotations:
D:2 Sigmund


Innate Abilities, Weirdness & Mutations

Your plain brown scales are hard. (AC +5)
You cannot fit into any form of body armour.
You are cold-blooded and may be slowed by cold attacks.
You have a pair of horns on your head.


Message History

You hit something. Something hits you.
* * * LOW HITPOINT WARNING * * *
x2 You miss something.
You closely miss something. You headbutt something.
You hear some strange, mumbled words.
A magic dart appears from out of thin air!
The magic dart hits you!
* * * LOW HITPOINT WARNING * * *
You feel better. Something hits you.
You miss something. Something hits you.
* * * LOW HITPOINT WARNING * * *
You closely miss something. You hit something but do no damage.
Something hits you.
* * * LOW HITPOINT WARNING * * *
x2 You hit something.
You headbutt something.
Your transformation is almost over.
You hear some strange, mumbled words.
Something tries to affect you, but you resist.
You feel better. Something hits you!
You die...

#. #.......#
##.#####.......#
#......#.).....#
#..###.#.......#
#..............#
#.#.##.#########
#.#.##.# #......#######
#######.#.###..{@..#
.......>#.###.####.###
...............$......
.#
.####.###.###.##......#
#.. .##...# #.#
#.....=.### ≈#..
....#.###.# ####...##
.... ..........# ....
.... .#####..###
#...### ........
........# #...#
..♣..≈###


There were no monsters in sight!

Vanquished Creatures
  Terence (D:2)
  A gnoll (D:1)
  An ooze (D:1)
  A worm (D:2)
  A dart slug (D:1)
  3 bats
  4 giant cockroaches (D:1)
  2 goblins
  4 hobgoblins (D:1)
  2 jackals (D:1)
  4 frilled lizards
  6 kobolds (D:1)
  10 rats
40 creatures vanquished.

Notes
Turn   | Place    | Note
-------+----------+-------------------------------------------
     0 | D:1      | keltmir the Draconian Transmuter began the quest for the Orb.
     0 | D:1      | Reached XP level 1. HP: 16/16 MP: 3/3
    35 | D:1      | Reached XP level 2. HP: 13/23 MP: 3/5
   597 | D:1      | Reached XP level 3. HP: 28/28 MP: 4/6
   602 | D:1      | Reached skill level 3 in Transmutations
   611 | D:1      | Learned a level 3 spell: Spider Form
  1779 | D:2      | Noticed Terence
  1788 | D:2      | Killed Terence
  1788 | D:2      | Reached skill level 4 in Transmutations
  1788 | D:2      | Reached XP level 4. HP: 26/35 MP: 0/7
  1923 | D:2      | Noticed Sigmund
  1954 | D:2      | Slain by Sigmund

Skill      XL: |  1  2  3 |
---------------+----------+-----
Transmutations | 4 |  4.0
Fighting       | |  1.1
Dodging        | |  1.8
Unarmed Combat | |  3.4
Spellcasting   | |  2.1

Action                   |  1- 3 |  4- 6 || total
-------------------------+-------+-------++-------
Melee: Unarmed           |   125 |    11 ||   136
       Tailslap          |    11 |     1 ||    12
       Kick              |     4 |       ||     4
       Headbutt          |     3 |     4 ||     7
       Punch             |     1 |       ||     1
 Cast: Beastly Appendage |     8 |     1 ||     9
       Spider Form       |     1 |       ||     1
  Use: Scroll            |     1 |       ||     1
       Potion            |       |     3 ||     3
 Stab: Sleeping          |     1 |       ||     1
  Eat: Chunk             |     3 |     1 ||     4
Armor: Skin              |    39 |     1 ||    40
Dodge: Dodged            |    80 |       ||    80
